 Dungeon Crawl Stone Soup version 0.15.0-23-gc2b521c (console) character file.

2004 gw the Cruncher (level 9, -1/75 HPs)
             Began as a Minotaur Gladiator on Sept 8, 2014.
             Was an Elder of Cheibriados.
             Slain by a hog (6 damage)
             ... on Level 7 of the Dungeon.
             The game lasted 00:03:38 (7228 turns).

gw the Cruncher (Minotaur Gladiator)                Turns: 7228, Time: 00:03:38

HP  -1/75        AC 14     Str 29      XL: 9   Next:  2%
MP   5/11        EV  7     Int 15      God: Cheibriados [****..]
Gold 0           SH  0     Dex 26      Spells:  0 memorised,  8 levels left

rFire  + . .     SeeInvis .     a - +0 quarterstaff
rCold  . . .     Clarity  .     l - +0 plate armour
rNeg   . . .     rCorr    .     (no shield)
rPois  .         rRot     .     (helmet unavailable)
rElec  .         Spirit   .     (no cloak)
SustAb .         Warding  .     s - +1 pair of gloves {Dex+3}
rMut   .         Stasis   .     (no boots)
Gourm  .                        (no amulet)
MR     .....                    (no ring)
                                m - ring of protection from fire

@: very slow, not resistant to hostile enchantments, extremely unstealthy
A: retaliatory headbutt, horns 3, clumsy 1
a: Bend Time, Temporal Distortion, Slouch, Renounce Religion


You were on level 7 of the Dungeon.
You worshipped Cheibriados.
Cheibriados was greatly pleased with you.
You were not hungry.

You visited 1 branch of the dungeon, and saw 7 of its levels.

Inventory:

Hand weapons
 a - a +0 quarterstaff (weapon)
Missiles
 d - 3 throwing nets
 e - 204 stones (quivered)
 g - 16 javelins
 o - 8 tomahawks
Armour
 l - a +0 plate armour (worn)
 s - a +1 pair of gloves of dexterity (worn)
Magical devices
 n - a wand of confusion (12)
 r - a wand of draining (4)
Comestibles
 c - a slice of pizza
 f - 5 bread rations
 h - a royal jelly
 i - a beef jerky
 q - 2 meat rations
Scrolls
 b - a scroll of fog
 k - 5 scrolls of identify
 p - a scroll of vulnerability {unknown}
 t - a scroll of remove curse
 v - a scroll of holy word {unknown}
Jewellery
 m - a ring of protection from fire (left hand)
Potions
 j - 6 potions of curing
 u - a potion of cure mutation {unknown}


   Skills:
 + Level 6.2 Fighting
 * Level 9.2 Staves
 + Level 4.8 Throwing
 + Level 5.2 Armour
 - Level 3.2 Dodging
 + Level 4.6 Invocations


You had 8 spell levels left.
You didn't know any spells.

Dungeon Overview and Level Annotations

Branches:
Dungeon (7/15)             Temple (0/1) D:5

Altars:
Cheibriados
Elyvilon
Fedhas
Okawaru
Sif Muna
The Shining One

Annotations:
D:3 Natasha


Innate Abilities, Weirdness & Mutations

You reflexively headbutt those who attack you in melee.
You have a pair of large horns on your head.
You are clumsy. (Dex -2)


Message History

MOVING TO (6,-1)
The hog bites you! The orc warrior barely misses you. You furiously retaliate!
You headbutt the orc warrior.
You kill the orc warrior!
Cheibriados thoroughly appreciates the change of pace.
You have reached level 9!
Your experience leads to an increase in your attributes!
Increase (S)trength, (I)ntelligence, or (D)exterity?
You feel agile. The hog bites you.
MOVING TO (5,-1)
The hog bites you.
MOVING TO (4,-1)
The hog bites you. The yak gores you but does no damage.
MOVING TO (3,-1)
The hog bites you but does no damage. The yak gores you but does no damage.
The hog bites you.
MOVING TO (2,-1)
The hog bites you.
You die...

........)........#
#######
.#####.....)...).# .)##
##..........#
...####.##.......#
.....[.%)......(.##
#.########(#...##.#
#..#%%...'))......#
####%....#)...pY###.#####
...###'###....YhH.>......
####.....##....####.####.
#.....#.....####
##########..........
..........#........
###########........
#........ #.......
#......


You could see a yak, a hog, a human and a sheep.

Table legend:
 A = Turns spent in this place as a percentage of turns spent in the entire game.
 B = Non-inter-level travel turns spent in this place as a percentage of non-inter-level travel turns spent in the entire game.
 C = Inter-level travel turns spent in this place as a percentage of turns spent in this place.
 D = Turns resting spent in this place as a percentage of non-inter-level travel turns spent in this place.
 E = Turns spent auto-exploring this place as a percentage of non-inter-level travel turns spent in this place.
 F = Non-inter-level travel turns spent in this place divided by the number of levels of this place that you've seen.
                   A       B       C       D       E      F
               +-------+-------+-------+-------+-------+----------------------
         Total | 100.0 | 100.0 |   1.1 |   4.8 |  16.3 | 293.0
       Dungeon | 100.0 | 100.0 |   1.1 |   4.8 |  16.3 | 293.0
               +-------+-------+-------+-------+-------+----------------------

Table legend:
 A = Kills in this place as a percentage of kills in entire the game.
 B = Kills by you in this place as a percentage of kills by you in the entire game.
 C = Kills by friends in this place as a percentage of kills by friends in the entire game.
 D = Other kills in this place as a percentage of other kills in the entire game.
 E = Experience gained in this place as a percentage of experience gained in the entire game.
 F = Experience gained in this place divided by the number of levels of this place that you have seen.
                   A       B       C       D       E      F
               +-------+-------+-------+-------+-------+----------------------
         Total | 100.0 | 100.0 |  -nan |  -nan | 100.0 | 409.1
       Dungeon | 100.0 | 100.0 |  -nan |  -nan | 100.0 | 409.1
               +-------+-------+-------+-------+-------+----------------------

Vanquished Creatures
  The ghost of gw the Cruncher, an experienced MiGl (D:6)
  A deep elf mage (D:7)
  2 ogres
  A phantom (D:7)
  An orc warrior (D:7)
  A wyvern zombie (D:7)
  A giant frog (D:7)
  3 scorpions
  A goliath beetle (D:7)
  2 hounds
  7 orc wizards
  2 orc priests
  A giant frog zombie (D:6)
  5 worker ants
  A sheep (D:7)
  2 gnolls (D:2)
  7 adders
  A shadow imp (D:6)
  An inept feature mimic (D:2)
  3 worms
  4 giant geckos
  2 oozes
  26 orcs
  18 bats
  17 goblins
  13 hobgoblins
  3 jackals (D:5)
  13 kobolds
  3 quokkas
  7 giant cockroaches
  5 giant newts
  A goblin skeleton (D:5)
  A hobgoblin zombie (D:7)
  A kobold zombie (D:7)
  A quokka skeleton (D:5)
  13 rats
172 creatures vanquished.

Notes
Turn   | Place    | Note
--------------------------------------------------------------
     0 | D:1      | gw, the Minotaur Gladiator, began the quest for the Orb.
     0 | D:1      | Reached XP level 1. HP: 18/18 MP: 1/1
    86 | D:1      | Found a snail-covered altar of Cheibriados.
    96 | D:1      | Became a worshipper of Cheibriados the Contemplative
   218 | D:1      | Reached XP level 2. HP: 25/25 MP: 1/1
   281 | D:1      | Reached skill level 4 in Staves
   367 | D:1      | Reached skill level 1 in Invocations
  1006 | D:2      | Found a white marble altar of Elyvilon.
  1038 | D:2      | Reached skill level 1 in Armour
  1080 | D:2      | Reached XP level 3. HP: 30/30 MP: 2/2
  1818 | D:2      | Found an iron altar of Okawaru.
  1989 | D:2      | Reached XP level 4. HP: 38/38 MP: 2/2
  2900 | D:3      | Acquired Cheibriados' first power
  2999 | D:3      | Noticed Natasha
  3137 | D:3      | Gained mutation: Your flesh is heat resistant. [potion of mutation]
  3137 | D:3      | Gained mutation: You are clumsy. (Dex -2) [potion of mutation]
  3137 | D:3      | Lost mutation: Your flesh is heat resistant. [potion of mutation]
  3170 | D:4      | Reached skill level 5 in Staves
  3170 | D:4      | Reached XP level 5. HP: 40/45 MP: 3/3
  3413 | D:4      | Noticed an ogre
  3418 | D:4      | Killed an ogre
  3418 | D:4      | Reached XP level 6. HP: 20/52 MP: 0/5
  3874 | D:4      | Found a deep blue altar of Sif Muna.
  3901 | D:4      | Reached skill level 6 in Staves
  4347 | D:5      | Entered Level 5 of the Dungeon
  4522 | D:5      | Acquired Cheibriados' second power
  4522 | D:5      | Reached XP level 7. HP: 53/59 MP: 6/6
  4752 | D:5      | Found a deep blue altar of Sif Muna.
  5060 | D:5      | Found a staircase to the Ecumenical Temple.
  5077 | D:5      | Gained mutation: You have a pair of large horns on your head. [potion of beneficial mutation]
  5289 | D:6      | Reached skill level 7 in Staves
  5359 | D:6      | Noticed gw's ghost (experienced MiGl)
  5381 | D:6      | Killed gw's ghost
  5381 | D:6      | Reached skill level 5 in Fighting
  5381 | D:6      | Reached XP level 8. HP: 23/68 MP: 2/8
  6102 | D:7      | Found a white marble altar of Elyvilon.
  6111 | D:7      | Reached skill level 8 in Staves
  6380 | D:7      | Found a blossoming altar of Fedhas.
  6394 | D:7      | Found a glowing golden altar of the Shining One.
  6644 | D:7      | Reached skill level 5 in Armour
  6749 | D:7      | Acquired Cheibriados' third power
  7134 | D:7      | Reached skill level 9 in Staves
  7224 | D:7      | Reached XP level 9. HP: 18/75 MP: 4/11
  7228 | D:7      | Slain by a hog

Action                   |  1- 3 |  4- 6 |  7- 9 || total
-------------------------+-------+-------+-------++-------
Melee: Quarterstaff      |    55 |    95 |   113 ||   263
       Unarmed           |       |       |     2 ||     2
Throw: Stone             |   112 |   160 |   117 ||   389
Invok: Bend Time         |       |     1 |     3 ||     4
       Temporal Distorti |       |     1 |       ||     1
       Slouch            |       |       |     2 ||     2
Evoke: Wand              |       |       |     2 ||     2
  Use: Scroll            |     4 |     4 |     1 ||     9
       Potion            |     3 |     1 |     6 ||    10
  Eat: Chunk             |     1 |     6 |     7 ||    14

Vault maps used:
D:1:      scummos_arrival_simple_fountains, serial_park_tiny_pond,
          minmay_crystal_water, cheibriados_altar_1
D:2:      elyvilon_altar_5, okawaru_altar_gauntlet_db
D:3:      nicolae_overflow_hidden_temple, kennysheep_flooded_box, uniq_natasha
D:4:      first_bread, led_sif_book
D:5:      minmay_temple_entry_glass, basic_altar
D:7:      gammafunk_temple_overflow_wave, serial_shops, kennysheep_little_box,
          basic_altar, grunt_livestock
